 Dungeon Crawl Stone Soup version 0.25.1-8-g42b30a86e7 (webtiles) character file.

Game seed: 17097483717225946497

2548 KamiKatze the Magician (level 9, -1/44 HPs)
             Began as a Spriggan Conjurer on Dec 16, 2020.
             Shot with an arrow by a centaur (5 damage)
             ... on level 7 of the Dungeon.
             The game lasted 00:49:44 (7722 turns).

KamiKatze the Magician (Spriggan Conjurer)          Turns: 7722, Time: 00:49:45

Health: -1/44      AC:  4    Str:  4    XL:     9   Next: 30%
Magic:  20/20      EV: 22    Int: 20    God:
Gold:   346        SH:  0    Dex: 20    Spells: 10/21 levels left

rFire    + . .     SeeInvis +   a - +0 dagger of Doubt {elec, rPois MR++ Dex+4}
rCold    . . .     Gourm    .   (shield restricted)
rNeg     . . .     Faith    .   D - +2 robe {rF+}
rPois    +         Spirit   .   (helmet restricted)
rElec    .         Reflect  .   d - scarf {+Inv}
rCorr    .         Harm     .   (gloves unavailable)
MR       +++..                  (boots unavailable)
Stlth    +++.......             (no amulet)
HPRegen  0.14/turn              (no ring)
MPRegen  0.17/turn              x - ring of poison resistance

@: very quick
A: very small, unfitting armour, see invisible, herbivore, speed 3, slow
metabolism 2
a: Evoke Invisibility


You were on level 7 of the Dungeon.
You were hungry.

You visited 1 branch of the dungeon, and saw 7 of its levels.

You collected 346 gold pieces.

Inventory:

Hand Weapons
 a - the +0 dagger of Doubt (weapon) {elec, rPois MR++ Dex+4}
   (You took it off an orc wizard on level 4 of the Dungeon)

   Occasionally, upon striking a foe, it will discharge some electrical energy
   and cause terrible harm.
   It affects your dexterity (+4).
   It protects you from poison.
   It affects your resistance to hostile enchantments.
 z - a +0 rapier
Missiles
 g - 6 atropa-tipped darts
 j - 35 poisoned darts (quivered)
 y - 2 throwing nets
Armour
 d - a scarf of invisibility (worn)
 q - a +1 robe of positive energy
 D - a +2 robe of fire resistance (worn)
 E - a +0 cloak
Jewellery
 x - a ring of poison resistance (right hand)
Scrolls
 h - 8 scrolls of remove curse
 i - a scroll of enchant armour {unknown}
 k - 2 scrolls of enchant weapon {unknown}
 m - a scroll of random uselessness {unknown}
 n - 3 scrolls of teleportation {unknown}
 o - 5 scrolls of magic mapping
 s - 2 scrolls of amnesia {unknown}
 t - 2 scrolls of fear
 w - a scroll of blinking {unknown}
 C - 2 scrolls of identify
Potions
 b - 3 potions of lignification
 e - 3 potions of cancellation
 f - 7 potions of curing
 l - a potion of flight
 p - a potion of stabbing
 r - a potion of resistance
 u - 4 potions of heal wounds
 v - a potion of ambrosia
 A - a potion of might
 B - 2 potions of brilliance
Comestibles
 c - 7 rations


   Skills:
 + Level 3.0 Fighting
 + Level 3.2 Short Blades
 - Level 1.0 Throwing
 + Level 5.6 Dodging
 + Level 5.9 Stealth
 * Level 6.8 Spellcasting
 * Level 5.6 Conjurations
 * Level 5.5 Hexes
 * Level 6.0 Translocations


You had 10 spell levels left.
You knew the following spells:

 Your Spells              Type           Power        Failure   Level  Hunger
a - Magic Dart            Conj           ####         1%          1    None
b - Searing Ray           Conj           ####..       1%          2    None
c - Fulminant Prism       Conj/Hex       ####......   10%         4    ###....
d - Iskenderun's Mystic   Conj/Tloc      ####....     9%          4    ###....

Your spell library contained the following spells:

 Spells                   Type           Power        Failure   Level  Hunger
 Dazzling Flash           Conj/Hex       ####..       2%          3    #......
 Gell's Gravitas          Tloc           ####......   2%          3    #......
 Confusing Touch          Hex            ####....     3%          3    #......
 Metabolic Englaciation   Hex/Ice        ###.......   65%         5    #####..
 Yara's Violent Unravell  Hex/Tmut       ###.......   65%         5    #####..
 Petrify                  Tmut/Erth      #.......     67%         4    ###....


Dungeon Overview and Level Annotations

Branches:
Dungeon (7/15)
 Temple: D:4-7

Altars:
Fedhas
Gozag
Kikubaaqudgha
Nemelex Xobeh
Ru
Xom


Innate Abilities, Weirdness & Mutations

You are very small and have problems with some larger weapons.
You are too small for most types of armour.
You have supernaturally acute eyesight. (SInv)
You are a herbivore.
You cover ground extremely quickly.
You need to consume almost no food.


Message History

You kill the troll!
Your Fighting skill increases to level 3!
Your Translocations skill increases to level 6!
Unknown command.
You start resting.
Magic restored.
There is an escape hatch in the ceiling here.
There is a stone staircase leading up here.
There is a stone staircase leading down here.
You start resting.
You are feeling hungry.
You climb downwards.
The centaur wields a cursed +0 shortbow.
The centaur shoots an arrow.
The arrow hits you!
* * * LOW HITPOINT WARNING * * *
The centaur shoots an arrow.
The arrow barely misses you.
There is a stone staircase leading up, spattered with blood here.
You see here an arrow.
The centaur shoots an arrow.
The arrow hits you.
You die...

...............#
.............(.#
...............#
#..............#
#.......$......#
...............#
#..............#
......c...@..(.#
.###############


You could see a centaur.

Vanquished Creatures
  A troll (D:6)
  Eustachio (D:6)
  A hungry ghost (D:6)
  A water moccasin (D:5)
  2 sky beasts (D:5)
  An ice beast (D:5)
  2 phantoms
  3 ogres
  A gnoll sergeant (D:5)
  Blork the orc (D:6)
  3 scorpions
  2 howler monkeys
  3 crimson imps
  A hound (D:4)
  6 orc wizards
  A gnoll shaman (D:5)
  3 iguanas
  5 worker ants
  Terence (D:2)
  2 hound zombies (D:5)
  A howler monkey zombie (D:7)
  Robin (D:2)
  8 gnolls
  10 adders
  2 worms
  2 dart slugs (D:1)
  4 leopard geckos
  14 orcs
  A ball python (D:4)
  5 giant cockroaches
  22 goblins
  9 hobgoblins
  7 quokkas
  8 bats
  3 frilled lizards
  3 kobolds
  9 rats
150 creatures vanquished.

Notes
Turn   | Place    | Note
-------+----------+-------------------------------------------
     0 | D:1      | KamiKatze the Spriggan Conjurer began the quest for the
                  | Orb.
     0 | D:1      | Reached XP level 1. HP: 9/9 MP: 5/5
    61 | D:1      | Found a shimmering altar of Xom.
   374 | D:1      | Reached XP level 2. HP: 13/13 MP: 0/6
   655 | D:1      | Learned a level 2 spell: Searing Ray
  1045 | D:2      | Found a faded altar of an unknown god.
  1242 | D:2      | Reached XP level 3. HP: 17/17 MP: 3/8
  1346 | D:2      | Noticed Terence
  1376 | D:2      | Found a blossoming altar of Fedhas.
  1451 | D:2      | Noticed Robin
  1532 | D:2      | Killed Robin
  1636 | D:2      | Reached skill level 1 in Fighting
  1651 | D:2      | Reached XP level 4. HP: 19/22 MP: 3/9
  1873 | D:2      | Found an opulent altar of Gozag.
  2050 | D:2      | Learned a level 4 spell: Fulminant Prism
  2228 | D:2      | Killed Terence
  2385 | D:3      | Found an ancient bone altar of Kikubaaqudgha.
  2563 | D:3      | Found a sacrificial altar of Ru.
  2633 | D:3      | Reached XP level 5. HP: 24/25 MP: 8/11
  2678 | D:3      | Noticed a phantom
  2771 | D:3      | Reached skill level 1 in Hexes
  3335 | D:4      | Noticed an ogre
  3666 | D:4      | Reached XP level 6. HP: 30/30 MP: 13/13
  3888 | D:4      | Identified the +0 dagger of Doubt {elec, rPois MR++ Dex+4}
  3909 | D:4      | Reached skill level 1 in Short Blades
  4292 | D:3      | Reached XP level 7. HP: 27/35 MP: 4/14
  4311 | D:3      | Learned a level 4 spell: Iskenderun's Mystic Blast
  4529 | D:4      | Reached skill level 1 in Throwing
  4529 | D:4      | Reached skill level 1 in Translocations
  5356 | D:5      | Entered Level 5 of the Dungeon
  5569 | D:5      | Reached skill level 5 in Spellcasting
  5715 | D:5      | Reached skill level 5 in Conjurations
  5715 | D:5      | Reached XP level 8. HP: 35/39 MP: 3/17
  5984 | D:5      | Reached skill level 5 in Stealth
  6075 | D:5      | Reached skill level 5 in Dodging
  6568 | D:6      | Noticed Eustachio
  6572 | D:6      | Killed Eustachio
  6572 | D:6      | Reached skill level 5 in Translocations
  6611 | D:6      | Reached skill level 5 in Hexes
  6679 | D:6      | Found a sparkling altar of Nemelex Xobeh.
  6744 | D:6      | Reached XP level 9. HP: 43/43 MP: 19/19
  6749 | D:6      | Noticed Blork the orc
  6767 | D:6      | Killed Blork the orc
  7457 | D:7      | Found the +7 mace of Variability {chain chaos}
  7597 | D:7      | Noticed a troll
  7625 | D:6      | Killed a troll
  7722 | D:7      | Shot with an arrow by a centaur

Illustrated notes

Levels and vault maps discovered:
D:1:      erik_arrival_orb_chamber, layout_loops_ring, xom_teletrap_fun
D:2:      layout_loops_ring, fedhas_ov_isle_minmay,
          chequers_ecumenical_altar_island, nicolae_gozag_seed_capital,
          uniq_terence, uniq_robin
D:3:      layout_loops_corners, nicolae_ru_great_annihilating_truth,
          old_standard_altar
D:4:      kennysheep_the_goblin_king, layout_basic, first_ration, minivault_26
D:5:      layout_basic, nzn_random_ring
D:6:      layout_gridville, kennysheep_little_box, uniq_blork_the_orc,
          uniq_eustachio
D:7:      layout_basic, minmay_temple_entry_arrows, serial_shops,
          nicolae_shop_trees, grunt_ogre_cave, lemuel_oklob_altar

Skill      XL: |  1  2  3  4  5  6  7  8  9 |
---------------+----------------------------+-----
Conjurations   | 3 4 5 |  5.6
Spellcasting   | 3 4 5 6 |  6.8
Fighting       | 1 2 3 |  3.0
Stealth        | 4 5 |  5.9
Dodging        | 4 5 |  5.6
Hexes          | 1 2 3 5 |  5.5
Short Blades   | 1 2 3 |  3.2
Throwing       | 1 |  1.0
Translocations | 3 5 6 |  6.0

Action                   |  1- 3 |  4- 6 |  7- 9 || total
-------------------------+-------+-------+-------++-------
Melee: Dagger            |    48 |   117 |   140 ||   305
Throw: Dart              |     2 |    23 |       ||    25
 Cast: Magic Dart        |    62 |    56 |    37 ||   155
       Searing Ray       |     4 |    13 |    24 ||    41
  Use: Scroll            |       |     2 |    12 ||    14
 Stab: Sleeping          |     1 |    13 |    10 ||    24
       Distracted        |       |       |     1 ||     1
  Eat: Ration            |       |     1 |     1 ||     2
Armor: Robe              |     6 |     8 |     8 ||    22
Dodge: Dodged            |    36 |    86 |   108 ||   230
